 Dungeon Crawl Stone Soup version 0.29.0-4-gdea44cf6ec (webtiles) character file.

Game seed: 15445456197844279789

22 qw the Chopper (level 2, 0/17 HPs)
             Began as a Tengu Warper on Aug 28, 2022.
             Succumbed to their own poison gas
             ... on level 1 of the Dungeon.
             The game lasted 00:00:04 (735 turns).

qw the Chopper (Tengu Warper)                        Turns: 735, Time: 00:00:04

Health: 0/17       AC:  5    Str: 11    XL:     2   Next: 91%
Magic:  6/6        EV: 11    Int: 13    God:
Gold:   46         SH:  0    Dex: 13    Spells: 5/5 levels left

rFire   . . .      SeeInvis .   a - +3 war axe (vorpal)
rCold   . . .      Faith    .   (no shield)
rNeg    . . .      Spirit   .   b - +0 leather armour
rPois   .          Reflect  .   (helmet restricted)
rElec   .          Harm     .   (no cloak)
rCorr   .          Rampage  .   (no gloves)
Will    .....                   (boots unavailable)
Stlth   +.........              (no amulet)
HPRegen 0.05/turn               (no ring)
MPRegen 0.10/turn               (no ring)

@: lethally poisoned (0 -> -20)
A: beak, talons 3, iridescent scales 1, evolution 1
a: no special abilities


You were on level 1 of the Dungeon.
You visited 1 branch of the dungeon, and saw 1 of its levels.

You collected 46 gold pieces.


Innate Abilities, Weirdness & Mutations

You have a beak for a mouth.
You have claws for feet.
You are partially covered in iridescent scales. (AC +2)
You have hidden genetic potential.


   Skills:
 - Level 2.0 Fighting
 + Level 3.6 Axes
 - Level 1.0 Throwing
 - Level 1.1 Armour
 - Level 2.1 Dodging
 - Level 2.0 Spellcasting
 - Level 2.4 Translocations


You had 5 spell levels left.
You didn't know any spells.
Your spell library contained the following spells:

 Spells                   Type           Power      Damage    Failure   Level
 Blink                    Tloc           14%        N/A       19%         2
 Gell's Gravitas          Tloc           7%         N/A       36%         3
 Lesser Beckoning         Tloc           7%         N/A       36%         3
 Teleport Other           Tloc           7%         N/A       36%         3
 Manifold Assault         Tloc           7%         N/A       98%         5

Inventory:

Hand Weapons
 a - a +3 vorpal war axe (weapon)
 f - a +0 whip
Armour
 b - a +0 leather armour (worn)
Potions
 d - a potion of flight {unknown}
 g - a potion of mutation

Dungeon Overview and Level Annotations

Branches:
Dungeon (1/15)

Altars:

Shops:
D:1 [


Message History

Enter note: You slash the hobgoblin!
You kill the hobgoblin!
Done exploring.
Enter note:
Enter note: Done exploring.
727 ||| READING scroll labelled GURGHY KUFIVVU.
The air fills with toxic fumes!
As you read the scroll labelled GURGHY KUFIVVU, it crumbles to dust.
It was a scroll of poison.
Done exploring.
728 ||| READING scroll labelled PIMPOZUF DAGGU.
This is a scroll of acquirement!
728 ||| ACQUIRING +3 vorpal war axe Something appears before you!
a - a +3 vorpal war axe
730 ||| SWAPPING to +3 vorpal war axe.
a - a +3 vorpal war axe (weapon)
731 ||| DROPPING +0 hand axe.
You drop a +0 hand axe.
Done exploring.
732 ||| DRINKING 2 smoky purple potions.
It was a potion of mutation.
You feel extremely strange.
Iridescent scales grow over part of your body.
You feel a hidden potential growing inside you.
Done exploring.
733 ||| DROPPING scroll of blinking.
You drop a scroll of blinking.
Done exploring.
(D) Dungeon
Where to? (* - list waypoints, ? - help)
What level of the Dungeon? (default 1, ? - help) Sorry, I don't know how to get there.
Done exploring.
734 ||| Stepping randomly (stuck).
Really walk into that cloud of poison gas?
You are engulfed in poison gas.
You are lethally poisoned!
You feel very sick.
735 ||| Stepping ~*~*~tactically~*~*~ (cloud).
You die...

######### #.......#
##.#####.#############
###...........#¤00¤0¤0¤#
..............#0¤¤¤¤0¤¤#
..............#¤¤0¤¤00¤#
.....#####....#¤¤000¤0¤#
..........>...#¤@¤¤¤0¤¤#
####.....#....#0¤0¤0¤¤¤#
...#.....#....00¤0000¤¤#
.....#........¤¤¤0¤¤00¤#
....)........¤0¤¤¤######
....##.......##0¤¤#
.............##¤0¤#####
.###.........#........#
.###.........#........#


There were no monsters in sight!

Vanquished Creatures
  A bat (D:1)
  3 endoplasms (D:1)
  A giant cockroach (D:1)
  3 goblins (D:1)
  3 hobgoblins (D:1)
  3 kobolds (D:1)
  3 ball pythons (D:1)
  A frilled lizard (D:1)
  A rat (D:1)
19 creatures vanquished.

Notes
Turn   | Place    | Note
-------+----------+-------------------------------------------
     0 | D:1      | qw the Tengu Warper began the quest for the Orb.
     0 | D:1      | Reached XP level 1. HP: 12/12 MP: 4/4
     0 | D:1      | 0 ||| qw: Version: 0.1-a-89-g26bdef1
     0 | D:1      | 0 ||| qw: Game counter: 2711
     0 | D:1      | 0 ||| qw: Always use a shield: true
     0 | D:1      | 0 ||| qw: God list: Okawaru
     0 | D:1      | 0 ||| qw: Allow faded altars: false
     0 | D:1      | 0 ||| qw: Do Orc after D:15 true
     0 | D:1      | 0 ||| qw: Do second Lair branch before Depths: true
     0 | D:1      | 0 ||| qw: Lair rune preference: random
     0 | D:1      | 0 ||| qw: Plans: Normal
     0 | D:1      | 0 ||| PLANNING D:1-11
    50 | D:1      | 50 ||| Stepping ~*~*~tactically~*~*~ (stealth).
    52 | D:1      | 52 ||| Stepping ~*~*~tactically~*~*~ (stealth).
    60 | D:1      | Reached XP level 2. HP: 12/17 MP: 6/6
    64 | D:1      | Reached skill level 3 in Axes
   249 | D:1      | Found a faded altar of an unknown god.
   323 | D:1      | Found Rinevvul's Antique Armour Emporium.
   335 | D:1      | 335 ||| SHOPLISTING buckler (103 gold, have 33).
   335 | D:1      | 335 ||| SHOPLISTING dyed leather armour (115 gold, have
                  | 33).
   335 | D:1      | 335 ||| SHOPLISTING embroidered robe (85 gold, have 33).
   335 | D:1      | 335 ||| SHOPLISTING glowing chain mail (172 gold, have 33).
   335 | D:1      | 335 ||| SHOPLISTING ring mail (92 gold, have 33).
   335 | D:1      | 335 ||| SHOPLISTING shiny plate armour (598 gold, have 33).
   727 | D:1      | 727 ||| READING scroll labelled GURGHY KUFIVVU.
   728 | D:1      | 728 ||| READING scroll labelled PIMPOZUF DAGGU.
   728 | D:1      | Identified a scroll of acquirement
   728 | D:1      | 728 ||| ACQUIRING +3 vorpal war axe
   728 | D:1      | Acquired a +3 vorpal war axe
   730 | D:1      | 730 ||| SWAPPING to +3 vorpal war axe.
   731 | D:1      | 731 ||| DROPPING +0 hand axe.
   732 | D:1      | 732 ||| DRINKING 2 smoky purple potions.
   732 | D:1      | Gained mutation: You are partially covered in iridescent
                  | scales. (AC +2) [potion of mutation]
   732 | D:1      | Gained mutation: You have hidden genetic potential. [potion
                  | of mutation]
   733 | D:1      | 733 ||| DROPPING scroll of blinking.
   734 | D:1      | 734 ||| Stepping randomly (stuck).
   734 | D:1      | HP: 3/17 [poisoned by you (poison gas)]
   735 | D:1      | 735 ||| Stepping ~*~*~tactically~*~*~ (cloud).
   735 | D:1      | Succumbed to their own poison gas

Levels and vault maps discovered:
D:1:      saegor_arrival_simple_a, layout_basic, serial_shops,
          nicolae_shop_trees, dreamdust_ecumenical_altar_statues

Skill      XL: |  1  2 |
---------------+-------+-----
Axes           | 3 |  3.6
Fighting       | |  2.0
Throwing       | |  1.0
Armour         | |  1.1
Dodging        | |  2.1
Spellcasting   | |  2.0
Translocations | |  2.4

Action                   || total
-------------------------++-------
Melee: Hand axe          ||    32
       Kick              ||     6
       Peck              ||     4
Throw: Boomerang         ||     7
  Use: Scroll            ||     2
       Potion            ||     1
Armor: Leather armour    ||     5
Dodge: Dodged            ||    11

Table legend:
 A = Non-vault XP
 B = Vault XP
 C = Vault XP percentage of total XP
 D = Non-vault monster count
 E = Vault monster count
 F = Vault count percentage of total count
                 A         B        C        D         E       F
            +---------+---------+-------+---------+---------+-------
      Total |      32 |       0 |   0.0 |      19 |       0 |   0.0
            +---------+---------+-------+---------+---------+-------
        D:1 |      32 |       0 |   0.0 |      19 |       0 |   0.0
            +---------+---------+-------+---------+---------+-------
